AoeStats
← Hector

Black Forest

509423367Analyzed
4v4 RM · 4d ago on Sep 26, 2026· 45m 34s· 8 players
Game mode
Random Map
Map size
Large (8 player)
Population
200
Speed
Normal
Resources
Standard
Victory
Conquest
Starting age
Dark Age
Ending age
Imperial Age
RankedLock teamsTeams togetherTeam positionsShared explorationLock speedFull tech treeHidden civsTurbo modeCheats
Victory
Defeat
🇦🇹 Ethiopians · Austria
1377
+17
🇨🇳 Persians · China
1354
+18
🇮🇹 Danes · Italy
1354
+18
🇩🇪 Japanese · Germany
1345
+17
🇹🇼 Celts · Taiwan
1413
-18
🇦🇷 Bengalis · Argentina
1407
-19
🇨🇱 Mongols · Chile
1400
-18
🇲🇽 Burgundians · Mexico
1334
-15
Hector
10:56 Feudal Age
11:42 Double-Bit Axe
14:25 Castle Age
12:07 Horse Collar
15:22 Bow Saw
15:12 Heavy Plow
18:04 Loom
24:18 Wheelbarrow
24:15 Sanctity
27:08 Gold Mining
27:08 Stone Mining
28:46 Fletching
31:42 Imperial Age
30:04 Hand Cart
31:43 Scale Mail Armor
31:54 Forging
32:27 Coinage
32:02 Town Watch
31:45 Onager
31:48 Halberdier
32:28 Squires
32:58 Conscription
33:51 Banking
34:30 Two-Man Saw
33:52 Chain Mail Armor
33:26 Arson
34:17 Iron Casting
35:45 Chemistry
35:48 Plate Mail Armor
36:05 Siege Engineers
38:19 Devotion
39:53 Heavy Scorpion
40:41 Bodkin Arrow
41:08 Ballistics
43:35 Siege Onager
45:00 Torsion Engines
45:35 Caravan
TarryMoney
0:26 Loom
11:17 Feudal Age
11:29 Feudal Age
13:04 Double-Bit Axe
15:58 Castle Age
14:12 Horse Collar
15:51 Gold Mining
16:01 Stone Mining
42:26 Wheelbarrow
43:37 Hand Cart
45:32 Town Watch
Get Sum
1:26 Loom
11:57 Feudal Age
12:01 Man-at-Arms
12:57 Arson
13:59 Forging
13:44 Double-Bit Axe
19:10 Horse Collar
21:14 Stone Mining
21:15 Gold Mining
22:53 Scale Mail Armor
25:23 Wheelbarrow
27:37 Castle Age
28:29 Long Swordsman
28:56 Gambesons
29:13 Squires
29:30 Chain Mail Armor
29:50 Iron Casting
29:46 Bow Saw
29:38 Heavy Plow
30:15 Iron Casting
31:21 Hand Cart
32:55 Fletching
34:36 Bodkin Arrow
35:25 Gold Shaft Mining
34:37 Town Watch
38:23 Imperial Age
36:20 Yasama
36:50 Treadmill Crane
37:31 Ballistics
38:38 Murder Holes
38:35 Guard Tower
38:56 Masonry
38:39 Two-Handed Swordsman
39:42 Conscription
39:59 Keep
40:27 Chemistry
39:19 Arrowslits
39:43 Bracer
40:15 Plate Mail Armor
40:48 Kataparuto
40:44 Champion
43:31 Two-Man Saw
42:44 Siege Engineers
44:10 Blast Furnace
44:33 Padded Archer Armor
44:44 Fortified Wall
44:34 Pikeman
46:20 Leather Archer Armor
46:11 Scale Barding Armor
谢por
10:11 Feudal Age
13:44 Castle Age
13:15 Double-Bit Axe
21:38 Bow Saw
23:16 Wheelbarrow
23:24 Horse Collar
24:05 Hand Cart
24:09 Hand Cart
26:16 Gold Mining
31:29 Imperial Age
29:21 Bloodlines
29:12 Husbandry
30:01 Scale Barding Armor
30:06 Forging
31:19 Chain Barding Armor
31:35 Heavy Plow
32:13 Iron Casting
31:08 Cavalier
32:52 Gold Shaft Mining
32:07 Stone Mining
33:18 Two-Man Saw
32:55 Crop Rotation
32:54 Light Cavalry
34:56 Plate Barding Armor
35:53 Chemistry
35:13 Ballistics
35:55 Blast Furnace
34:38 Savar
36:04 Loom
36:05 Town Watch
36:14 Fletching
36:24 Padded Archer Armor
36:18 Fletching
37:28 Guilds
37:19 Caravan
37:50 Coinage
38:15 Elite War Elephant
40:45 Banking
42:49 Bodkin Arrow
42:55 Padded Archer Armor
45:09 Stone Shaft Mining
45:27 Town Patrol
[CL] ~C H R I $-
6:02 Loom
12:04 Feudal Age
14:06 Double-Bit Axe
14:03 Horse Collar
16:31 Castle Age
17:34 Bow Saw
20:31 Wheelbarrow
25:54 Padded Archer Armor
25:45 Fletching
27:16 Bloodlines
27:07 Husbandry
27:25 Leather Archer Armor
31:10 Ballistics
30:56 Bodkin Arrow
31:15 Gold Mining
34:48 Imperial Age
32:34 Hand Cart
33:39 Town Watch
34:00 Heavy Plow
34:55 Elite Mangudai
35:09 Capped Ram
37:38 Bracer
37:13 Siege Ram
39:49 Chemistry
38:19 Onager
JINJIN
5:04 Loom
10:35 Feudal Age
12:19 Double-Bit Axe
12:25 Gold Mining
14:44 Castle Age
15:36 Bow Saw
16:18 Wheelbarrow
19:26 Ballistics
31:06 Horse Collar
34:48 Heavy Plow
38:03 Imperial Age
37:37 Hand Cart
38:55 Furor Celtica
38:47 Heavy Scorpion
39:05 Capped Ram
40:22 Siege Ram
42:03 Siege Engineers
43:02 Chemistry
PkMn-
0:27 Loom
8:24 Double-Bit Axe
14:02 Feudal Age
18:26 Castle Age
24:41 Gold Mining
25:28 Scale Barding Armor
26:07 Redemption
27:30 Sanctity
27:32 Scale Mail Armor
28:56 Fervor
33:37 Imperial Age
31:46 Wheelbarrow
31:49 Gold Shaft Mining
31:04 Stone Mining
32:05 Horse Collar
32:50 Hand Cart
33:46 Chain Barding Armor
33:58 Chain Mail Armor
34:56 Conscription
35:19 Block Printing
35:46 Plate Mail Armor
35:58 Forging
35:52 Squires
37:11 Chemistry
38:00 Iron Casting
39:20 Flemish Revolution
45:38 Arson
Erebor.
0:55 Loom
11:27 Feudal Age
15:51 Castle Age
32:53 Town Watch
43:05 Wheelbarrow
43:34 Horse Collar
Connection lost

Rejoining the realm…

Still unreachable

The connection could not be restored.

Session expired

The server has moved on; the page needs a fresh start.